 Dungeon Crawl Stone Soup version 0.27.1-33-g824d729ab1 (webtiles) character file.

Game seed: 11737970883843082648

100 pkoi the Ruffian (level 4, -6/36 HPs)
             Began as a Draconian Gladiator on Dec 13, 2021.
             Killed from afar by Sigmund (11 damage)
             ... with a magic dart
             ... on level 3 of the Dungeon.
             The game lasted 00:02:11 (3089 turns).

pkoi the Ruffian (Draconian Gladiator)              Turns: 3089, Time: 00:02:11

Health: -6/36      AC:  6    Str: 17    XL:     4   Next: 47%
Magic:  4/4        EV: 13    Int:  9    God:
Gold:   125        SH:  0    Dex: 12    Spells: 3/3 levels left

rFire    . . .     SeeInvis .   f - +0 dagger (venom)
rCold    . . .     Faith    .   (no shield)
rNeg     . . .     Spirit   .   (armour unavailable)
rPois    .         Reflect  .   a - +1 hat
rElec    .         Harm     .   (no cloak)
rCorr    .         Rampage  .   (no gloves)
Will     .....                  (no boots)
Stlth    +.........             (no amulet)
HPRegen  0.12/turn              (no ring)
MPRegen  0.09/turn              (no ring)

@: no status effects
A: AC +5, unfitting armour, cold-blooded
a: no special abilities


You were on level 3 of the Dungeon.
You visited 1 branch of the dungeon, and saw 3 of its levels.

You collected 125 gold pieces.

Inventory:

Hand Weapons
 f - a +0 dagger of venom (weapon)
Missiles
 b - 3 throwing nets (quivered)
Armour
 a - a +1 hat (worn)
Jewellery
 d - a ring of protection from fire
Wands
 h - a wand of iceblast (8)
Scrolls
 e - a scroll of identify {unknown}
Potions
 c - a potion of heal wounds {unknown}
 g - a potion of magic {unknown}


   Skills:
 - Level 2.1 Fighting
 - Level 1.7 Throwing
 + Level 3.5 Dodging
 * Level 4.7 Unarmed Combat


You had 3 spell levels left.
You didn't know any spells.
Your spell library contained the following spells:

 Spells                   Type           Power      Damage    Failure   Level
 Slow                     Hex            0%         N/A       52%         2
 Confusing Touch          Hex            0%         N/A       77%         3
 Gell's Gravitas          Tloc           0%         N/A       77%         3
 Lesser Beckoning         Tloc           0%         N/A       77%         3
 Teleport Other           Tloc           0%         N/A       77%         3
 Vampiric Draining        Necr           0%         2d6       77%         3


Dungeon Overview and Level Annotations

Branches:
Dungeon (3/15)

Altars:

Shops:
D:1 (   D:2 [

Annotations:
D:3 Sigmund


Innate Abilities, Weirdness & Mutations

Your plain brown scales are hard. (AC +5)
You cannot fit into any form of body armour.
You are cold-blooded and may be slowed by cold attacks.


Message History

A hobgoblin comes into view.
There are monsters nearby!
There are monsters nearby!
There are monsters nearby!
Sigmund gestures wildly while chanting.
Sigmund flickers and vanishes!
Deactivating autopickup; reactivate with Ctrl-A.
The hobgoblin misses you. Something hits you but does no damage.
You barely miss the hobgoblin. The hobgoblin closely misses you.
You hit the hobgoblin.
The hobgoblin is heavily wounded.
Something hits you! The hobgoblin misses you.
You barely miss the hobgoblin.
The hobgoblin is heavily wounded.
The hobgoblin hits you. Something hits you!
* * * LOW HITPOINT WARNING * * *
You closely miss the hobgoblin. You tail-slap the hobgoblin.
The hobgoblin is almost dead.
The hobgoblin closely misses you.
You hit the hobgoblin.
You kill the hobgoblin!
You hear some strange, mumbled words.
You are confused.
You bump into the rock wall.
Something hits you!
* * * LOW HITPOINT WARNING * * *
A puff of flame appears from out of thin air!
The puff of flame hits you.
* * * LOW HITPOINT WARNING * * *
You feel less confused.
You are confused.
You hear some strange, mumbled words.
Something tries to affect you, but you resist.
You feel less confused.
A magic dart appears from out of thin air!
The magic dart hits you.
* * * LOW HITPOINT WARNING * * *
A magic dart appears from out of thin air!
The magic dart hits you!
You die...

##### #...##############
###########.#..............#
#..................#######.#
#####.#..[......@...{..# #.#
..............#######..# #.#
###...........# #..# #####g#
###.#.<.>..#..# #..#
#.<...## ....#.........#
#..###.##...#
###.....†)....#
............#
#...........#.#
#.##.#.##...#
#.....##..###.# # #..##
####...#.#..# .# # #..#


There were no monsters in sight!

Vanquished Creatures
  Terence (D:2)
  2 gnolls (D:2)
  A worm (D:2)
  A dart slug (D:1)
  3 ball pythons
  9 endoplasms
  5 hobgoblins
  2 kobolds
  2 quokkas (D:2)
  3 bats (D:3)
  A frilled lizard (D:1)
  11 goblins
  6 rats
47 creatures vanquished.

Notes
Turn   | Place    | Note
-------+----------+-------------------------------------------
     0 | D:1      | pkoi the Draconian Gladiator began the quest for the Orb.
     0 | D:1      | Reached XP level 1. HP: 17/17 MP: 1/1
   342 | D:1      | Reached XP level 2. HP: 24/24 MP: 2/2
   451 | D:1      | Found Caaq Xei's Antique Weapon Emporium.
   852 | D:1      | Found a faded altar of an unknown god.
   897 | D:2      | Noticed Terence
  1700 | D:2      | Found Feolo Caihagh's Armour Emporium.
  1837 | D:2      | Reached XP level 3. HP: 29/29 MP: 3/3
  2006 | D:2      | Reached skill level 4 in Unarmed Combat
  2688 | D:2      | Killed Terence
  2689 | D:2      | Reached XP level 4. HP: 29/36 MP: 4/4
  3053 | D:3      | Noticed Sigmund
  3089 | D:3      | Killed from afar by Sigmund

Illustrated notes

Levels and vault maps discovered:
D:1:      dpeg_arrival_arbitrary_a, layout_basic, serial_shops, shop,
          shapermc_ecumenical_altar_hornbeckon
D:2:      cheibrodos_greedy_goblins, layout_loops_corners, serial_shops, shop,
          uniq_terence
D:3:      layout_loops_ring, lemuel_coloured_pillars_altar,
          minmay_misc_feat_chi, st_stairs_5, minmay_misc_feat_hallway,
          uniq_sigmund

Skill      XL: |  1  2  3 |
---------------+----------+-----
Dodging        | 3 |  3.5
Unarmed Combat | 4 |  4.7
Fighting       | |  2.1
Throwing       | |  1.7

Action                   |  1- 3 |  4- 6 || total
-------------------------+-------+-------++-------
Melee: Unarmed           |    93 |       ||    93
       Tailslap          |    13 |     4 ||    17
       Punch             |     2 |       ||     2
       Dagger            |    12 |    31 ||    43
  Use: Scroll            |       |     1 ||     1
 Stab: Sleeping          |     1 |       ||     1
Armor: Skin              |    28 |    11 ||    39
Dodge: Dodged            |    55 |    19 ||    74
